 Dungeon Crawl Stone Soup version 0.28.0 (console) character file.

Game seed: 69979658610519191

9 ifreund the Skirmisher (level 2, -1/25 HPs)
             Began as a Djinni Cinder Acolyte on Feb 8, 2022.
             Was a High Priest of Ignis.
             Slain by a jackal (3 damage)
             ... on level 1 of the Dungeon.
             The game lasted 00:03:40 (72 turns).

ifreund the Skirmisher (Djinni Cinder Acolyte)        Turns: 72, Time: 00:03:41

Health: -1/25      AC:  2    Str: 13    XL:     2   Next: 25%
Gold:   0          EV: 11    Int: 15    God:    Ignis [*****.] SH:  0 Dex:  8

rFire   + + +      SeeInvis .   a - -1 short sword (flame)
rCold   x . .      Faith    .   (no shield)
rNeg    . . .      Spirit   .   b - +0 robe
rPois   ∞          Reflect  .   (no helmet)
rElec   .          Harm     .   (no cloak)
rCorr   .          Rampage  .   (no gloves)
Will    .....                   (boots unavailable)
Stlth   +.........              (no amulet)
HPRegen 0.08/turn               (no ring)
MPRegen 0.00/turn               (no ring)

@: flying
A: sickness immunity, fire resistance 2, cold vulnerability 1, float, innate
caster, HP casting, extra vitality 1
a: Renounce Religion, Fiery Armour, Foxfire Swarm, Rising Flame


You were on level 1 of the Dungeon.
You worshipped Ignis.
Ignis was extremely pleased with you.
You visited 1 branch of the dungeon, and saw 1 of its levels.

Inventory:

Hand Weapons
 a - a -1 short sword of flaming (weapon)
Armour
 b - a +0 robe (worn)


   Skills:
 + Level 3.2 Fighting
 + Level 2.9 Short Blades
 + Level 2.5 Spellcasting


You had 4 spell levels left.
You knew the following spells:

 Your Spells              Type           Power      Damage    Failure   Level
a - Scorch                Fire           18%        2d5       11%         2
Your spell library was empty.

Dungeon Overview and Level Annotations

Branches:
Dungeon (1/15)

Altars:


Innate Abilities, Weirdness & Mutations

You are immune to sickness and miasma.
You are immune to poison.
Your flesh is very heat resistant. (rF++)
You are vulnerable to cold. (rC-)
You float through the air rather than walking.
You learn spells naturally, not from books.
Your magical power is your life essence.
You have superior vitality. (+4 MHP)


Message History

Annotate which branch? (. - D:1, ? - help, ! - show branch list)
Okay, then.
Annotate which branch? (. - D:1, ? - help, ! - show branch list)
Okay, then.
Okay, then.
Okay, then.
Activating: Foxfire Swarm
Press: ? - help, Dir - look around, f - activate Flames leap up around you!
The jackal bites you.
* * * LOW HITPOINT WARNING * * *
The foxfire hits the jackal.
The jackal is almost dead.
The foxfire hits the kobold.
You kill the kobold!
The jackal bites you.
* * * LOW HITPOINT WARNING * * *
The foxfire hits the jackal.
You kill the jackal!
The foxfire hits the jackal.
The jackal is moderately wounded.
The foxfire hits the jackal.
The jackal is severely wounded.
The foxfire hits the jackal.
You kill the jackal!
The foxfire hits the jackal.
The jackal is severely wounded.
The foxfire hits the jackal.
You kill the jackal!
The foxfire hits the ball python.
The ball python is moderately wounded.
You have reached level 2!
Things that are here:
a +0 short sword; 4 stones The foxfire hits the ball python.
You kill the ball python!
The jackal barely misses you.
Things that are here:
a +0 short sword; 4 stones The jackal bites you.
You die...

.♣........##.#
PP..P......#)#
.P..P...P♣...#
..P...P.♣♣...###.#####
..........♣♣.##......#
.P.....P.....##......#
....<......P.##......#
.P.....P.....##......#
..........P..##...?.[#
♣.P...P....S.##......#
.P..P..♣P♣...# #@.#
P......♣..♣#.###h##
.......P♣.....††.#
...♣.............#
...........##
.#####..##.# #.###.#
#. #.# #. ... .. ...
..


You could see a jackal.

Vanquished Creatures
  A goblin (D:1)
  3 jackals (D:1)
  A kobold (D:1)
  A quokka (D:1)
  A ball python (D:1)
  A bat (D:1)
8 creatures vanquished.

Vanquished Creatures (others)
  8 foxfires (D:1)
  3 plants (D:1)
11 creatures vanquished.

Grand Total: 19 creatures vanquished

Notes
Turn   | Place    | Note
-------+----------+-------------------------------------------
     0 | D:1      | ifreund the Djinni Cinder Acolyte began the quest for the
                  | Orb.
     0 | D:1      | Reached XP level 1. HP: 20/20 MP: 0/0
    66 | D:1      | HP: 1/20 [jackal (2)]
    68 | D:1      | Reached XP level 2. HP: 2/25 MP: 0/0
    72 | D:1      | Slain by a jackal

Illustrated notes

Levels and vault maps discovered:
D:1:      wander_arrival_fairy_ring, layout_rooms

Action                   || total
-------------------------++-------
Melee: Short sword       ||    11
Invok: Foxfire Swarm     ||     1
Armor: Robe              ||     1
Dodge: Dodged            ||     7
